 Dungeon Sprint DCSS version 0.26-a0-663-g36e8fdb655 (webtiles) character file.

Game seed: 11796732253282374684

434 olmar the Protected (level 6, -3/61 HPs)
             Began as a Minotaur Fighter on Oct 12, 2020.
             Was an Initiate of Gozag.
             Killed from afar by a burning bush (16 damage)
             ... with a puff of flame
             ... in the Dungeon (Sprint IV: "Fedhas' Mad Dash").
             The game lasted 00:01:18 (1501 turns).

olmar the Protected (Minotaur Fighter)              Turns: 1501, Time: 00:01:18

Health: -3/61      AC:  8    Str: 23    XL:     6   Next: 68%
Magic:  5/5        EV:  9    Int:  5    God:    Gozag
Gold:   317        SH:  0    Dex:  9    Spells: 5/5 levels left

rFire    . . .     SeeInvis .   a - +0 flail
rCold    . . .     Faith    .   c - +0 kite shield
rNeg     . . .     Spirit   .   b - +0 scale mail
rPois    .         Reflect  .   (helmet restricted)
rElec    .         Harm     .   (no cloak)
rCorr    .         Rampage  .   (no gloves)
MR       .....     NoTele   +   (no boots)
Stlth    ..........             i - amulet of invisibility {+Inv}
HPRegen  0.20/turn              (no ring)
MPRegen  0.09/turn              (no ring)

@: confused, gold aura
A: retaliatory headbutt, horns 2
a: Potion Petition, Call Merchant, Bribe Branch, Renounce Religion, Evoke
Invisibility


You were in the Dungeon.
You worshipped Gozag.
Gozag was aware of your devotion.
You visited 1 branch You collected 397 gold pieces.
You spent 80 gold pieces at shops.

Inventory:

Hand Weapons
 a - a +0 flail (weapon)
Armour
 b - a +0 scale mail (worn)
 c - a +0 kite shield (worn)
Jewellery
 i - the amulet of invisibility (around neck) {+Inv}
   (You found it in the Dungeon)

   [amulet of nothing]

   It lets you turn invisible.
Scrolls
 j - a scroll of blinking
Potions
 d - 2 potions of might
 e - a potion of curing
 f - a potion of heal wounds
 g - a potion of haste
 h - 2 potions of magic


   Skills:
 + Level 8.2 Fighting
 + Level 7.7 Maces & Flails
 + Level 9.4 Armour
 + Level 1.4 Dodging
 + Level 2.2 Stealth
 + Level 9.1 Shields
 + Level 4.0 Evocations


You had 5 spell levels left.
You didn't know any spells.
Your spell library was empty.

Dungeon Overview and Level Annotations

Branches:
Dungeon (1/1)

Altars:
Cheibriados
Dithmenos
Elyvilon
Gozag
Hepliaklqana
Kikubaaqudgha
Makhleb
Nemelex Xobeh
Okawaru
Qazlal
Ru
Sif Muna
Trog
Uskayaw
Vehumet
Wu Jian
Xom
Yredelemnul
Zin
The Shining One
Beogh
Jiyva
Lugonu

Shops:
D *(


Innate Abilities, Weirdness & Mutations

You reflexively headbutt those who attack you in melee.
You have a pair of horns on your head.


Message History

You block the puff of flame.
The wandering mushroom closely misses you.
Unknown command.
You sock the wandering mushroom!
The wandering mushroom is heavily damaged.
You block the wandering mushroom's attack.
You sock the wandering mushroom! You headbutt the wandering mushroom.
The wandering mushroom is severely damaged.
The burning bush throws fire at you. The puff of flame hits you!
* * * LOW HITPOINT WARNING * * *
The wandering mushroom releases spores at you.
* * * LOW HITPOINT WARNING * * *
You are engulfed in a cloud of spores!
You are confused.
You bump into the stone wall.
The burning bush throws fire at you. The puff of flame hits you!
You die...
Your body crumbles into a pile of gold.

################# ####
._._._.⌠.#.[)...# ...#
_._._._..'..#...# ..P+
._._._...#..###'##.$(#
$$
_._._._..#..##∩∩@$f..#
._._._.⌠.#############
########## $ $ $$ $


You could see a wandering mushroom and a burning bush.

Vanquished Creatures
  A wandering mushroom (D)
  2 scorpions (D)
  4 oklob saplings (D)
  A worker ant (D)
  2 spriggans (D)
  A river rat (D)
  A rat (D)
12 creatures vanquished.

Notes
Turn   | Place    | Note
-------+----------+-------------------------------------------
     0 | D        | olmar the Minotaur Fighter began the quest for the Orb.
     0 | D        | Reached XP level 1. HP: 19/19 MP: 0/0
    12 | D        | Reached XP level 2. HP: 15/28 MP: 1/1
   170 | D        | Noticed an oklob sapling
   172 | D        | Killed an oklob sapling
   172 | D        | Reached skill level 5 in Fighting
   172 | D        | Reached skill level 5 in Armour
   172 | D        | Reached skill level 5 in Shields
   172 | D        | Reached XP level 3. HP: 36/36 MP: 2/2
   180 | D        | Found the amulet of invisibility {+Inv}
   190 | D        | Noticed an oklob sapling
   327 | D        | Killed an oklob sapling
   327 | D        | Reached XP level 4. HP: 24/44 MP: 0/3
   478 | D        | Found an opulent altar of Gozag.
   478 | D        | Found a hazy altar of Hepliaklqana.
   478 | D        | Found a roughly hewn altar of Beogh.
   478 | D        | Found a snail-covered altar of Cheibriados.
   479 | D        | Found a viscous altar of Jiyva.
   479 | D        | Found a burning altar of Makhleb.
   479 | D        | Found a sparkling altar of Nemelex Xobeh.
   479 | D        | Found a sacrificial altar of Ru.
   479 | D        | Found a shimmering blue altar of Sif Muna.
   479 | D        | Found a bloodstained altar of Trog.
   479 | D        | Found an ornate altar of the Wu Jian Council.
   479 | D        | Found a shimmering altar of Xom.
   479 | D        | Found a basalt altar of Yredelemnul.
   480 | D        | Found an iron altar of Okawaru.
   480 | D        | Found a shadowy altar of Dithmenos.
   480 | D        | Found a glowing silver altar of Zin.
   481 | D        | Found an ancient bone altar of Kikubaaqudgha.
   481 | D        | Found a hide-covered altar of Uskayaw.
   482 | D        | Found a stormy altar of Qazlal.
   482 | D        | Found a white marble altar of Elyvilon.
   482 | D        | Found a glowing golden altar of the Shining One.
   483 | D        | Found a corrupted altar of Lugonu.
   483 | D        | Found a radiant altar of Vehumet.
   495 | D        | Reached skill level 5 in Maces & Flails
   495 | D        | Reached skill level 1 in Evocations
   495 | D        | Reached XP level 5. HP: 32/51 MP: 2/4
   499 | D        | Became a worshipper of Gozag Ym Sagoz the Greedy
  1098 | D        | Reached skill level 1 in Stealth
  1111 | D        | Reached XP level 6. HP: 29/61 MP: 3/5
  1123 | D        | Found Epetaogo's Weapon Shop.
  1123 | D        | Found Kal Debb's Assorted Antiques.
  1132 | D        | Bought a potion of might for 80 gold pieces
  1334 | D        | Noticed a burning bush
  1334 | D        | Noticed a wandering mushroom
  1335 | D        | Noticed a wandering mushroom
  1492 | D        | Killed a wandering mushroom
  1492 | D        | Reached skill level 1 in Dodging
  1501 | D        | Killed from afar by a burning bush

Illustrated notes

Levels and vault maps discovered:
D:        dungeon_sprint_fedhas [sprint_temple]

Skill      XL: |  1  2  3  4  5  6 |
---------------+-------------------+-----
Fighting       | 4 5 6 7 8 |  8.2
Maces & Flails | 3 4 5 6 7 |  7.7
Armour         | 4 5 6 7 8 9 |  9.4
Shields        | 4 5 6 7 8 9 |  9.1
Evocations     | 1 2 4 |  4.0
Stealth        | 1 2 |  2.2
Dodging        | 1 |  1.4

Action                   |  1- 3 |  4- 6 || total
-------------------------+-------+-------++-------
Melee: Flail             |    17 |    43 ||    60
       Headbutt          |     1 |     9 ||    10
 Abil: Evoke Invisibilit |     1 |     3 ||     4
  Use: Potion            |     1 |       ||     1
 Stab: Invisible         |     1 |     2 ||     3
Armor: Scale mail        |     7 |     6 ||    13
Dodge: Dodged            |     1 |     6 ||     7
Block: Kite shield       |    10 |     8 ||    18

Table legend: (Time is in decaauts)
 A = Elapsed time spent in this place.
 B = Non-inter-level travel time spent in this place.
 C = Inter-level travel time spent in this place.
 D = Time resting spent in this place.
 E = Time spent auto-exploring this place.
 F = Levels seen in this place.
 G = Mean time per level.
                   A        B        C        D        E       F      G
               +--------+--------+--------+--------+--------+-----+--------+
         Total |   1519 |   1519 |      0 |   1303 |      0 |   1 | 1519.0 |
       Dungeon |   1519 |   1519 |      0 |   1303 |      0 |   1 | 1519.0 |
               +--------+--------+--------+--------+--------+-----+--------+

Top non-repeatable levels by time:
       D: 1519 daAuts
